| TOP OF THE 1ST |
|
Gwinnett Braves batting - Pitching for El Paso Chihuahuas : RHP Tom Ackerman
|
|
Pitching: RHP Tom Ackerman
|
|
|
Batting: LHB Robby Dann
|
0-0: Foul Ball, location: 2F 0-1: Ground out 3-1 (Groundball, 34S, EV 79.4 MPH)
|
|
Batting: RHB Neal Tinoco
|
0-0: Called Strike 0-1: Called Strike 0-2: Ball 1-2: Ball 2-2: Ground out 1-3 (Groundball, 15S, EV 65.0 MPH)
|
|
Batting: RHB Chris Sharpe
|
0-0: Ball 1-0: Called Strike 1-1: Called Strike 1-2: Ball 2-2: Ball 3-2: Ground out 5-3 (Groundball, 56, EV 83.8 MPH)
|
| Top of the 1st over - 0 runs, 0 hits, 0 errors, 0 left on base; Gwinnett 0 - El Paso 0 |
| BOTTOM OF THE 1ST |
|
El Paso Chihuahuas batting - Pitching for Gwinnett Braves : LHP Justin Sullins
|
|
Pitching: LHP Justin Sullins
|
|
|
Batting: RHB Itsuo Yoshioka
|
0-0: Called Strike 0-1: Bunt for hit to 15S - play at first, batter OUT! 1-3
|
|
Batting: RHB Juan Martinez
|
0-0: Ball 1-0: Called Strike 1-1: Foul Ball, location: 2F 1-2: Ball 2-2: Strikes out swinging
|
|
Batting: SHB Troy Maynard
|
0-0: Ball 1-0: Ball 2-0: Called Strike 2-1: Ball 3-1: Foul Ball, location: 2F 3-2: Base on Balls
|
|
Batting: RHB Kiril Emeshin
|
0-0: Called Strike 0-1: SINGLE (Groundball, 4MD, EV 93.8 MPH) Troy Maynard to second Runner from 2nd tries for 3rd, SAFE, throw by CF made to third
|
|
Batting: SHB Jamie Roberts
|
0-0: Ball 1-0: Foul Ball, location: 2F 1-1: Ball 2-1: Swinging Strike 2-2: Ball 3-2: Base on Balls Kiril Emeshin to second
|
|
Batting: RHB Dan Grable
|
0-0: Called Strike 0-1: Swinging Strike 0-2: Strikes out swinging
|
| Bottom of the 1st over - 0 runs, 1 hit, 0 errors, 3 left on base; Gwinnett 0 - El Paso 0 |
| TOP OF THE 2ND |
|
Gwinnett Braves batting - Pitching for El Paso Chihuahuas : RHP Tom Ackerman
|
|
Batting: RHB Corey Dalton
|
0-0: Called Strike 0-1: Ball 1-1: Ball 2-1: Fly out, F8 (Flyball, 8RXD, EV 91.9 MPH)
|
|
Batting: RHB Jake Lang
|
0-0: Ball 1-0: Ground out 6-3 (Groundball, 6S, EV 81.9 MPH)
|
|
Batting: LHB Mark Buchholz
|
0-0: Called Strike 0-1: Ground out 5-3 (Groundball, 15, EV 85.0 MPH)
|
| Top of the 2nd over - 0 runs, 0 hits, 0 errors, 0 left on base; Gwinnett 0 - El Paso 0 |
| BOTTOM OF THE 2ND |
|
El Paso Chihuahuas batting - Pitching for Gwinnett Braves : LHP Justin Sullins
|
|
Batting: RHB Danny Bunn
|
0-0: Ball 1-0: Swinging Strike 1-1: Ball 2-1: Foul Ball, location: 2F 2-2: Strikes out swinging
|
|
Batting: LHB Doug Barr
|
0-0: Ball 1-0: Ball 2-0: Ball 3-0: Fly out, F8 (Flyball, 8RD, EV 85.6 MPH)
|
|
Batting: LHB Josh Slusarczyk
|
0-0: Ball 1-0: Ball 2-0: Swinging Strike 2-1: Swinging Strike 2-2: Ball 3-2: Foul Ball, location: 2F 3-2: Fly out, F8 (Flyball, 8RD, EV 108.8 MPH)
|
| Bottom of the 2nd over - 0 runs, 0 hits, 0 errors, 0 left on base; Gwinnett 0 - El Paso 0 |
| TOP OF THE 3RD |
|
Gwinnett Braves batting - Pitching for El Paso Chihuahuas : RHP Tom Ackerman
|
|
Batting: RHB Jesse Lester
|
0-0: Ball 1-0: Foul Ball, location: 2F 1-1: Swinging Strike 1-2: Strikes out swinging
|
|
Batting: RHB Riley Nasiir
|
0-0: Called Strike 0-1: Ball 1-1: Ball 2-1: Ball 3-1: Base on Balls
|
|
Batting: SHB Eric Reeser
|
0-0: Called Strike 0-1: Ball 1-1: Fly out, F5 (Line Drive, 5, EV 73.8 MPH)
|
|
Batting: LHB Robby Dann
|
0-0: Called Strike Riley Nasiir steals 2nd base (no throw) 0-1: Ball 1-1: Ball 2-1: Ball 3-1: Ground out 5-3 (Groundball, 5, EV 89.4 MPH)
|
| Top of the 3rd over - 0 runs, 0 hits, 0 errors, 1 left on base; Gwinnett 0 - El Paso 0 |
| BOTTOM OF THE 3RD |
|
El Paso Chihuahuas batting - Pitching for Gwinnett Braves : LHP Justin Sullins
|
|
Batting: RHB Itsuo Yoshioka
|
0-0: Ball 1-0: Ball 2-0: Ball 3-0: Base on Balls
|
|
Batting: RHB Juan Martinez
|
0-0: Ball 1-0: Called Strike 1-1: Fly out, F9 (Line Drive, 9, EV 84.4 MPH)
|
|
Batting: SHB Troy Maynard
|
0-0: Ball 1-0: Swinging Strike 1-1: Ball 2-1: Ball 3-1: Called Strike 3-2: Foul Ball, location: 2F 3-2: Strikes out swinging
|
|
Batting: RHB Kiril Emeshin
|
0-0: Ball 1-0: Ball 2-0: Ball 3-0: Called Strike 3-1: Called Strike 3-2: TRIPLE (Line Drive, 7D, EV 102.5 MPH) Itsuo Yoshioka scores
|
|
Batting: SHB Jamie Roberts
|
0-0: Ball 1-0: SINGLE (Line Drive, 7S, EV 91.2 MPH) Kiril Emeshin scores
|
|
Batting: RHB Dan Grable
|
0-0: Ball 1-0: Ball 2-0: Called Strike 2-1: Foul Ball, location: 2F 2-2: Foul Ball, location: 2F 2-2: SINGLE (Line Drive, 8LS, EV 88.1 MPH) Jamie Roberts to second
|
|
Batting: RHB Danny Bunn
|
0-0: Ball 1-0: Foul Ball, location: 2F 1-1: Swinging Strike 1-2: Strikes out swinging
|
| Bottom of the 3rd over - 2 runs, 3 hits, 0 errors, 2 left on base; Gwinnett 0 - El Paso 2 |
| TOP OF THE 4TH |
|
Gwinnett Braves batting - Pitching for El Paso Chihuahuas : RHP Tom Ackerman
|
|
Batting: RHB Neal Tinoco
|
0-0: Ball 1-0: Ball 2-0: Ball 3-0: Called Strike 3-1: Foul Ball, location: 2F 3-2: Foul Ball, location: 2F 3-2: Fly out, F7 (Flyball, 7D, EV 94.4 MPH)
|
|
Batting: RHB Chris Sharpe
|
0-0: SINGLE (Groundball, 6MD, EV 96.2 MPH)
|
|
Batting: RHB Corey Dalton
|
0-0: SINGLE (Flyball, 89S, EV 99.4 MPH) Chris Sharpe to second Runner from 2nd tries for 3rd, SAFE, throw by RF made to third
|
|
Batting: RHB Jake Lang
|
0-0: Ball 1-0: Called Strike 1-1: Ball 2-1: Ball 3-1: Swinging Strike 3-2: SINGLE (Line Drive, 8RS, EV 90.6 MPH) Chris Sharpe scores Corey Dalton to second
|
|
Batting: LHB Mark Buchholz
|
0-0: Ball 1-0: Ball 2-0: Ball 3-0: Called Strike 3-1: Fielders Choice at 2nd, 4-6 (Groundball, 4, EV 101.9 MPH) Corey Dalton to third
|
|
Batting: RHB Jesse Lester
|
0-0: Ball Wild Pitch! Corey Dalton scores Mark Buchholz to second 1-0: Ball 2-0: Fly out, F1 (Line Drive, P, EV 67.5 MPH)
|
| Top of the 4th over - 2 runs, 3 hits, 0 errors, 1 left on base; Gwinnett 2 - El Paso 2 |
| BOTTOM OF THE 4TH |
|
El Paso Chihuahuas batting - Pitching for Gwinnett Braves : LHP Justin Sullins
|
|
Batting: LHB Doug Barr
|
0-0: Ground out 6-3 (Groundball, 6, EV 83.1 MPH)
|
|
Batting: LHB Josh Slusarczyk
|
0-0: Ball 1-0: Reached on error, E4 (Groundball, 34D, EV 81.2 MPH)
|
|
Batting: RHB Itsuo Yoshioka
|
0-0: Called Strike 0-1: Ball 1-1: Swinging Strike 1-2: Ball 2-2: Foul Ball, location: 2F 2-2: Ball Wild Pitch! Josh Slusarczyk to third 3-2: Strikes out looking
|
|
Batting: RHB Juan Martinez
|
0-0: Ball 1-0: Ball 2-0: Called Strike 2-1: Ground out 5-3 (Groundball, 56, EV 81.2 MPH)
|
| Bottom of the 4th over - 0 runs, 0 hits, 1 error, 1 left on base; Gwinnett 2 - El Paso 2 |
| TOP OF THE 5TH |
|
Gwinnett Braves batting - Pitching for El Paso Chihuahuas : RHP Tom Ackerman
|
|
Batting: RHB Riley Nasiir
|
0-0: Ground out 5-3 (Groundball, 56, EV 81.9 MPH)
|
|
Batting: SHB Eric Reeser
|
0-0: Called Strike 0-1: Ball 1-1: Foul Ball, location: 2F 1-2: Ball 2-2: Strikes out swinging
|
|
Batting: LHB Robby Dann
|
0-0: Called Strike 0-1: Ball 1-1: Foul Ball, location: 2F 1-2: Foul Ball, location: 2F 1-2: Hit by Pitch
|
|
Batting: RHB Neal Tinoco
|
0-0: Called Strike Robby Dann steals 2nd base (no throw) 0-1: Called Strike 0-2: Ball 1-2: Strikes out swinging
|
| Top of the 5th over - 0 runs, 0 hits, 0 errors, 1 left on base; Gwinnett 2 - El Paso 2 |
| BOTTOM OF THE 5TH |
|
El Paso Chihuahuas batting - Pitching for Gwinnett Braves : LHP Justin Sullins
|
|
Batting: SHB Troy Maynard
|
0-0: SOLO HOME RUN (Flyball, 7D, EV 103.8 MPH), Distance : 386 ft
|
|
Batting: RHB Kiril Emeshin
|
0-0: Called Strike 0-1: Foul Ball, location: 2F 0-2: Strikes out swinging
|
|
Batting: SHB Jamie Roberts
|
0-0: Ball 1-0: Swinging Strike 1-1: Called Strike 1-2: Ball 2-2: Foul Ball, location: 2F 2-2: Foul Ball, location: 2F 2-2: Foul Ball, location: 2F 2-2: Foul Ball, location: 2F 2-2: Strikes out swinging
|
|
Batting: RHB Dan Grable
|
0-0: Fly out, F9 (Flyball, 9, EV 88.8 MPH)
|
| Bottom of the 5th over - 1 run, 1 hit, 0 errors, 0 left on base; Gwinnett 2 - El Paso 3 |
| TOP OF THE 6TH |
|
Gwinnett Braves batting - Pitching for El Paso Chihuahuas : RHP Tom Ackerman
|
|
Batting: RHB Chris Sharpe
|
0-0: Ball 1-0: Foul Ball, location: 2F 1-1: Foul Ball, location: 2F 1-2: Foul Ball, location: 2F 1-2: Strikes out swinging
|
|
Batting: RHB Corey Dalton
|
0-0: Foul Ball, location: 2F 0-1: SOLO HOME RUN (Flyball, 78XD, EV 115.6 MPH), Distance : 437 ft
|
|
Batting: RHB Jake Lang
|
0-0: Ball 1-0: Swinging Strike 1-1: Ball 2-1: Ball 3-1: Ground out 5-3 (Groundball, 56, EV 78.1 MPH)
|
|
Pitching: LHP Matt Wojtkiewicz
|
|
|
Batting: LHB Mark Buchholz
|
0-0: Ball 1-0: Called Strike 1-1: Foul Ball, location: 2F 1-2: Strikes out swinging
|
| Top of the 6th over - 1 run, 1 hit, 0 errors, 0 left on base; Gwinnett 3 - El Paso 3 |
| BOTTOM OF THE 6TH |
|
El Paso Chihuahuas batting - Pitching for Gwinnett Braves : LHP Justin Sullins
|
|
Batting: RHB Danny Bunn
|
0-0: Called Strike 0-1: Ball 1-1: Swinging Strike 1-2: Ball 2-2: Foul Ball, location: 2F 2-2: Ball 3-2: Base on Balls
|
|
Pitching: LHP Shinya Taira
|
|
|
Batting: LHB Doug Barr
|
0-0: Ball 1-0: Foul Ball, location: 2F 1-1: Called Strike Danny Bunn is caught stealing 2nd base 2-6 1-2: Ball 2-2: Strikes out swinging
|
|
Batting: LHB Josh Slusarczyk
|
0-0: Ball 1-0: Ball 2-0: Ball 3-0: Called Strike 3-1: Called Strike 3-2: Base on Balls
|
|
Batting: RHB Itsuo Yoshioka
|
0-0: Foul Ball, location: 2F 0-1: Swinging Strike 0-2: Strikes out swinging
|
| Bottom of the 6th over - 0 runs, 0 hits, 0 errors, 1 left on base; Gwinnett 3 - El Paso 3 |
| TOP OF THE 7TH |
|
Gwinnett Braves batting - Pitching for El Paso Chihuahuas : LHP Matt Wojtkiewicz
|
|
Batting: RHB Jesse Lester
|
0-0: SINGLE (Flyball, 6D, EV 92.5 MPH)
|
|
Batting: RHB Riley Nasiir
|
0-0: Ball 1-0: Ball 2-0: Ball 3-0: Called Strike 3-1: Ball Jesse Lester to second
|
|
Batting: SHB Eric Reeser
|
0-0: Ball 1-0: Ball 2-0: Ball 3-0: Base on Balls Jesse Lester to third Riley Nasiir to second
|
|
Pinch Hitting: SHB Tim Rodgers
|
0-0: Called Strike 0-1: Ball 1-1: Fly out, F8 (Flyball, 8RM, EV 76.2 MPH)
|
|
Batting: RHB Neal Tinoco
|
0-0: Called Strike 0-1: Foul Ball, location: 2F 0-2: Strikes out swinging
|
|
Batting: RHB Chris Sharpe
|
0-0: Called Strike 0-1: Called Strike 0-2: Foul Ball, location: 2F 0-2: Fly out, F8 (Flyball, 8RM, EV 98.1 MPH)
|
| Top of the 7th over - 0 runs, 1 hit, 0 errors, 3 left on base; Gwinnett 3 - El Paso 3 |
| BOTTOM OF THE 7TH |
|
El Paso Chihuahuas batting - Pitching for Gwinnett Braves : LHP Shinya Taira
|
|
Pitching: RHP Jamie Draper
|
|
|
Now in CF: Tim Rodgers
|
|
|
Batting: RHB Juan Martinez
|
0-0: Called Strike 0-1: Ball 1-1: Ball 2-1: Called Strike 2-2: Ball 3-2: Strikes out swinging
|
|
Batting: SHB Troy Maynard
|
0-0: Ball 1-0: Ball 2-0: Ball 3-0: Base on Balls
|
|
Batting: RHB Kiril Emeshin
|
0-0: Ball 1-0: Called Strike 1-1: Foul Ball, location: 2F 1-2: Strikes out swinging
|
|
Batting: SHB Jamie Roberts
|
0-0: Foul Ball, location: 2F 0-1: Swinging Strike 0-2: Strikes out swinging
|
| Bottom of the 7th over - 0 runs, 0 hits, 0 errors, 1 left on base; Gwinnett 3 - El Paso 3 |
| TOP OF THE 8TH |
|
Gwinnett Braves batting - Pitching for El Paso Chihuahuas : LHP Matt Wojtkiewicz
|
|
Batting: RHB Corey Dalton
|
0-0: Ball 1-0: Ball 2-0: Called Strike 2-1: Swinging Strike 2-2: Foul Ball, location: 2F 2-2: Ball 3-2: Base on Balls
|
|
Batting: RHB Jake Lang
|
0-0: Ball 1-0: Grounds into double play, 6-4-3 (Groundball, 6, EV 103.1 MPH)
|
|
Batting: LHB Mark Buchholz
|
0-0: Called Strike 0-1: Swinging Strike 0-2: Foul Ball, location: 2F 0-2: Foul Ball, location: 2F 0-2: Strikes out swinging
|
| Top of the 8th over - 0 runs, 0 hits, 0 errors, 0 left on base; Gwinnett 3 - El Paso 3 |
| BOTTOM OF THE 8TH |
|
El Paso Chihuahuas batting - Pitching for Gwinnett Braves : RHP Jamie Draper
|
|
Batting: RHB Dan Grable
|
0-0: Ball 1-0: Called Strike 1-1: Called Strike 1-2: Foul Ball, location: 2F 1-2: Ground out 6-3 (Groundball, 6M, EV 103.1 MPH)
|
|
Batting: RHB Danny Bunn
|
0-0: Called Strike 0-1: Fly out, F1 (Line Drive, P, EV 64.4 MPH)
|
|
Batting: LHB Doug Barr
|
0-0: Ball 1-0: Called Strike 1-1: Ball 2-1: Swinging Strike 2-2: SINGLE (Groundball, 56D, EV 95.6 MPH)
|
|
Batting: LHB Josh Slusarczyk
|
0-0: Called Strike Doug Barr is caught stealing 2nd base 2-6
|
| Bottom of the 8th over - 0 runs, 1 hit, 0 errors, 0 left on base; Gwinnett 3 - El Paso 3 |
| TOP OF THE 9TH |
|
Gwinnett Braves batting - Pitching for El Paso Chihuahuas : LHP Matt Wojtkiewicz
|
|
Pitching: RHP Sean Rice
|
|
|
Batting: RHB Jesse Lester
|
0-0: Called Strike 0-1: Swinging Strike 0-2: Foul Ball, location: 2F 0-2: Ball 1-2: Ball 2-2: Ball 3-2: Foul Ball, location: 2F 3-2: Ground out 5-3 (Groundball, 56, EV 103.8 MPH)
|
|
Batting: RHB Riley Nasiir
|
0-0: Ball 1-0: Swinging Strike 1-1: Foul Ball, location: 2F 1-2: Ball 2-2: Ball 3-2: Strikes out swinging
|
|
Batting: SHB Eric Reeser
|
0-0: Called Strike 0-1: Ball 1-1: Fly out, F8 (Flyball, 8RXD, EV 101.2 MPH)
|
| Top of the 9th over - 0 runs, 0 hits, 0 errors, 0 left on base; Gwinnett 3 - El Paso 3 |
| BOTTOM OF THE 9TH |
|
El Paso Chihuahuas batting - Pitching for Gwinnett Braves : RHP Jamie Draper
|
|
Pitching: RHP Jeff Miller
|
|
|
Batting: LHB Josh Slusarczyk
|
0-0: Called Strike 0-1: Ball 1-1: Ball 2-1: Ball 3-1: Foul Ball, location: 2F 3-2: SINGLE (Groundball, 5S, EV 68.8 MPH) (infield hit)
|
|
Batting: RHB Itsuo Yoshioka
|
0-0: Bunted foul 0-1: Ball 1-1: Sac Bunt to 3S - play at first, batter OUT! 3-4 Josh Slusarczyk to second
|
|
Batting: RHB Juan Martinez
|
0-0: Called Strike 0-1: Reached on error, E4 (Groundball, 4, EV 84.4 MPH) Josh Slusarczyk to third
|
|
Batting: SHB Troy Maynard
|
0-0: Ball Juan Martinez steals 2nd base (no throw) 1-0: Called Strike 1-1: Fly out, F8 (Flyball, 8RD, EV 93.8 MPH)
|
|
Batting: RHB Kiril Emeshin
|
0-0: Called Strike 0-1: Foul Ball, location: 2F 0-2: Strikes out swinging
|
| Bottom of the 9th over - 0 runs, 1 hit, 1 error, 2 left on base; Gwinnett 3 - El Paso 3 |
| TOP OF THE 10TH |
|
Gwinnett Braves batting - Pitching for El Paso Chihuahuas : RHP Sean Rice
|
|
Pitching: LHP Dan Clausing
|
|
|
Batting: SHB Tim Rodgers
|
0-0: Ball 1-0: Ball 2-0: Called Strike 2-1: Ball 3-1: Swinging Strike 3-2: Foul Ball, location: 2F 3-2: Foul Ball, location: 2F 3-2: Foul Ball, location: 2F 3-2: SOLO HOME RUN (Flyball, 7D, EV 96.2 MPH), Distance : 382 ft
|
|
Batting: RHB Neal Tinoco
|
0-0: Ground out 5-3 (Groundball, 56, EV 98.8 MPH)
|
|
Batting: RHB Chris Sharpe
|
0-0: Ball 1-0: Ball 2-0: Called Strike 2-1: Foul Ball, location: 2F 2-2: Ball 3-2: Base on Balls
|
|
Batting: RHB Corey Dalton
|
0-0: Foul Ball, location: 2F 0-1: Ball 1-1: Foul Ball, location: 2F 1-2: Strikes out swinging
|
|
Batting: RHB Jake Lang
|
0-0: Called Strike 0-1: Called Strike 0-2: Ball 1-2: Strikes out swinging
|
| Top of the 10th over - 1 run, 1 hit, 0 errors, 1 left on base; Gwinnett 4 - El Paso 3 |
| BOTTOM OF THE 10TH |
|
El Paso Chihuahuas batting - Pitching for Gwinnett Braves : RHP Jeff Miller
|
|
Pitching: RHP Chong-hun Park
|
|
|
Batting: SHB Jamie Roberts
|
0-0: Called Strike 0-1: Ground out 2-3 (Groundball, 15S, EV 67.5 MPH)
|
|
Batting: RHB Dan Grable
|
0-0: Called Strike 0-1: Called Strike 0-2: SINGLE (Line Drive, 9LS, EV 95.6 MPH)
|
|
Batting: RHB Danny Bunn
|
0-0: Ball 1-0: Called Strike 1-1: Called Strike 1-2: Foul Ball, location: 2F 1-2: Strikes out swinging
|
|
Batting: LHB Doug Barr
|
0-0: Ball 1-0: Ball 2-0: Swinging Strike 2-1: Foul Ball, location: 2F 2-2: SINGLE (Flyball, 34D, EV 92.5 MPH) Dan Grable to second Runner from 2nd tries for 3rd, SAFE, throw by RF made to third
|
|
Batting: LHB Josh Slusarczyk
|
0-0: Called Strike 0-1: Foul Ball, location: 2F 0-2: Foul Ball, location: 2F 0-2: Ball 1-2: Foul Ball, location: 2F 1-2: Strikes out swinging
|
| Bottom of the 10th over - 0 runs, 2 hits, 0 errors, 2 left on base; Gwinnett 4 - El Paso 3 |
|